 Dungeon Crawl Stone Soup version 0.31.0-12-g77e489cdc1 (webtiles) character file.

Game seed: 10597640013817693834

173 RancidPinata the Sneak (level 5, -1/37 HPs)
             Began as an Octopode Delver on Feb 25, 2024.
             Killed from afar by an orc wizard (10 damage)
             ... with a puff of flame
             ... on level 3 of the Dungeon.
             The game lasted 00:06:49 (2719 turns).

RancidPinata the Sneak (Octopode Delver)            Turns: 2719, Time: 00:06:49

Health: -1/37      AC:  1    Str: 13    XL:     5   Next: 53%
Magic:  5/5        EV: 14    Int: 12    God:
Gold:   167        SH:  0    Dex: 14    Spells: 4/4 levels left

rFire   . . .        a - +0 short sword
rCold   . . .        (no shield)
rNeg    . . .        (helmet restricted)
rPois   .            (no amulet)
rElec   .            q - ring of flight
rCorr   .            (no ring)
SInv    .            (no ring)
Will    .....        (no ring)
Stlth   +++++        (no ring)
HPRegen 0.26/turn    (no ring)
MPRegen 0.09/turn    (no ring)
                     (no ring)

%: no passive effects
@: flying
A: almost no armour, amphibious, 8 rings, camouflage 1, gelatinous body 1,
(nimble swimmer 1), tentacles
a: no special abilities


You were on level 3 of the Dungeon.
You visited 1 branch of the dungeon, and saw 6 of its levels.

You collected 167 gold pieces.

Inventory:

Hand Weapons
 a - a +0 short sword (weapon)
Missiles
 o - 24 stones (quivered)
Jewellery
 q - a ring of flight (left tentacle)
 u - a ring of magical power
Wands
 f - a wand of digging (3)
 s - a wand of roots (5)
Scrolls
 b - a scroll of fog
 c - 2 scrolls of revelation
 d - 2 scrolls of fear
 g - 7 scrolls of identify {unknown}
 m - 7 scrolls of teleportation {unknown}
 n - 2 scrolls of poison {unknown}
 p - 4 scrolls of immolation {unknown}
 r - a scroll of amnesia {unknown}
 t - a scroll of enchant armour {unknown}
 v - 2 scrolls of noise {unknown}
Potions
 e - a potion of haste
 h - 3 potions of curing {unknown}
 i - a potion of lignification {unknown}
 j - a potion of degeneration {unknown}
 k - 2 potions of mutation {unknown}
 l - 2 potions of heal wounds {unknown}
 w - a potion of might {unknown}
 x - a potion of enlightenment {unknown}
 z - a potion of magic {unknown}


   Skills:
 * Level 4.1 Fighting
 + Level 2.8 Short Blades
 * Level 3.2 Dodging
 * Level 7.7 Stealth


You had 4 spell levels left.
You didn't know any spells.
Your spell library contained the following spells:

 Spells                   Type           Power      Damage    Failure   Level
 Cigotuvi's Dreadful Rot  Necr/Alch/Air  0%         N/A       45%         2
 Fugue of the Fallen      Necr           0%         N/A       69%         3
 Inner Flame              Hex/Fire       0%         N/A       69%         3
 Ozocubu's Armour         Ice            0%         N/A       69%         3
 Tukima's Dance           Hex            0%         N/A       69%         3
 Dimensional Bullseye     Hex/Tloc       0%         N/A       97%         4
 Flame Wave               Conj/Fire      0%         2d4       97%         4
 Ignite Poison            Fire/Alch      0%         N/A       97%         4
 Iskenderun's Mystic Bla  Conj/Tloc      0%         2d3       97%         4
 Manifold Assault         Tloc           0%         N/A       97%         4
 Sticky Flame             Fire/Alch      0%         2d4       97%         4
 Freezing Cloud           Conj/Ice/Air   0%         6-21      100%        5


Dungeon Overview and Level Annotations

Branches:
Dungeon (6/15)
 Temple: D:4-7

Altars:

Annotations:
D:5 Dowan, Duvessa


Innate Abilities, Weirdness & Mutations

You cannot wear most types of armour.
You are amphibious.
You can wear up to eight rings at the same time.
Your skin changes colour to match your surroundings (Stealth+).
Your rubbery body absorbs attacks. (AC +1, EV +1)
((You are camouflaged when in or above water. (Stealth+)))
You have tentacles for arms and can constrict up to eight enemies at once.


Message History

You hear a howl!
You barely miss the orc. Your grab misses the orc. You squeeze the orc!
You kill the orc!
You hear some strange, mumbled words.
Something tries to affect you, but you resist.
There is a stone staircase leading up here.
Things that are here:
a +0 flail; an orc corpse Something hits you.
A howler monkey comes into view.
Something hits you.
An orc wizard comes into view. It is wielding a +2 dagger of draining.
There is a stone staircase leading up here.
Things that are here:
a +0 flail; an orc corpse Something hits you.
You fly upwards.
Reactivating autopickup.
There is a stone staircase leading down here.
Deactivating autopickup; reactivate with Ctrl-A.
You miss something. Something hits you.
You miss something. Something hits you but does no damage.
You miss something. Something hits you.
You barely miss something. Something hits you but does no damage.
You hit something but do no damage. Something hits you.
You closely miss something. Your squeeze misses something. You miss something.
Your squeeze misses something. Something hits you.
You hit something. You tentacle-slap something. Your squeeze misses something.
Something barely misses you.
You hit something but do no damage.
You hear some strange, mumbled words.
A magic dart appears from out of thin air!
The magic dart hits you!
You miss something. Something hits you.
* * * LOW HITPOINT WARNING * * *
You barely miss something. Your squeeze misses something.
You hear some strange, mumbled words.
A puff of flame appears from out of thin air!
The puff of flame hits you!
You die...

########
#......#
#......#
#.....@#
#....{.#
#.....)#
#......#
###.##.##
#.##..#####
#)###.....###
#.#
#####...###
#.#
###...#####


There were no monsters in sight!

Vanquished Creatures
  Jessica (D:2)
  An iguana (D:4)
  5 adders
  A dart slug (D:2)
  2 ribbon worms (D:2)
  2 orcs (D:4)
  3 ball pythons
  8 endoplasms
  5 giant cockroaches
  9 goblins
  3 hobgoblins
  2 jackals (D:3)
  3 quokkas
  10 bats
  2 frilled lizards
  4 kobolds
  7 rats
68 creatures vanquished.

Notes
Turn   | Place    | Note
-------+----------+-------------------------------------------
     0 | D:5      | RancidPinata the Octopode Delver began the quest for the
                  | Orb.
     0 | D:5      | Reached XP level 1. HP: 16/16 MP: 1/1
    71 | D:5      | Noticed Duvessa
    71 | D:5      | Noticed Dowan
   133 | D:5      | Identified the +1 ring mail of the Shore {Fly rF+}
   148 | D:5      | Noticed a bombardier beetle
   164 | D:5      | Noticed a howler monkey
   192 | D:3      | Reached XP level 2. HP: 21/21 MP: 2/2
   341 | D:3      | Reached XP level 3. HP: 12/26 MP: 3/3
   471 | D:3      | Reached skill level 7 in Stealth
   970 | D:2      | Reached XP level 4. HP: 31/31 MP: 4/4
  1125 | D:2      | Noticed Jessica
  1130 | D:2      | Killed Jessica
  1830 | D:1      | Reached XP level 5. HP: 37/37 MP: 5/5
  2719 | D:3      | Killed from afar by an orc wizard

Illustrated notes

Levels and vault maps discovered:
D:1:      matt_arrival_diagonals, layout_basic, minmay_heptomino_d4
D:2:      layout_loops_cross, minmay_box_of_dots, uniq_jessica
D:3:      layout_rooms
D:4:      layout_basic, mainiacjoe_overflow_small_starburst,
          nicolae_dithmenos_through_a_glass_darkly, serial_shops, shop,
          kennysheep_generic_room_15
D:5:      layout_gridville, okawaru_ov_weapons_minmay,
          kiku_gazebo_garden_becter, uniq_eustachio, uniq_duvessa
D:6:      cheibrodos_two_vegetables, layout_loops_corners,
          grunt_temple_overflow_open, minmay_temple_entry_glass,
          gammafunk_ghost_nasty_kobolds

Skill      XL: |  1  2  3  4  5 |
---------------+----------------+-----
Stealth        | 7 |  7.7
Dodging        | 3 |  3.2
Fighting       | 4 |  4.1
Short Blades   | |  2.8

Action                     |  1- 3 |  4- 6 || total
---------------------------+-------+-------++-------
  Melee: Short sword       |    45 |   100 ||   145
         Tentacles         |     8 |    19 ||    27
         Constrict         |     9 |    14 ||    23
         Punch             |     1 |     1 ||     2
   Stab: Sleeping          |     8 |    18 ||    26
         Distracted        |       |     1 ||     1
 Armour: Skin              |    22 |    37 ||    59
  Dodge: Dodged            |    29 |    26 ||    55
